 Dungeon Crawl Stone Soup version 0.29.1-15-g9cfb28693d (webtiles) character file.

Game seed: 6791247113093683173

854 112233 the Thaumaturge (level 8, -1/62 HPs)
             Began as a Naga Fire Elementalist on Feb 22, 2023.
             Slain by a gnoll
             ... wielding a +0 spear
             ... led by a gnoll bouda
              (2 damage)
             ... on level 5 of the Dungeon.
             The game lasted 00:03:26 (5916 turns).

112233 the Thaumaturge (Naga Fire Elementalist)     Turns: 5916, Time: 00:03:26

Health: -1/62      AC:  3    Str: 10    XL:     8   Next: 1%
Magic:  5/20       EV: 10    Int: 17    God:
Gold:   267        SH:  0    Dex: 13    Spells: 17/23 levels left

rFire   + + .      SeeInvis +   n - +0 dagger (venom)
rCold   x x .      Faith    .   (no shield)
rNeg    . . .      Spirit   .   a - +0 robe
rPois   +          Reflect  .   (no helmet)
rElec   .          Harm     .   (no cloak)
rCorr   .          Rampage  .   (no gloves)
Will    +....                   (no barding)
Stlth   ++........              (no amulet)
HPRegen 0.20/turn               e - ring of fire
MPRegen 0.17/turn               l - ring of fire

@: very slightly contaminated, very slow
A: AC +2, large, see invisible, deformed body, poison resistance, slowness 2,
spit poison 1, naga tail 1
a: Spit Poison


You were on level 5 of the Dungeon.
You visited 1 branch of the dungeon, and saw 5 of its levels.

You collected 267 gold pieces.

Inventory:

Hand Weapons
 h - a +0 hand axe
 n - a +0 dagger of venom (weapon)
Armour
 a - a +0 robe (worn)
 p - a +0 buckler
Magical Staves
 f - a staff of death
Jewellery
 e - a ring of fire (left hand)
 l - a ring of fire (right hand)
Scrolls
 c - 6 scrolls of identify {unknown}
 k - 2 scrolls of fog {unknown}
 m - a scroll of vulnerability {unknown}
 q - a scroll of amnesia {unknown}
 s - 3 scrolls of silence {unknown}
 u - a scroll of noise {unknown}
 v - a scroll of brand weapon {unknown}
Potions
 b - a potion of magic
 d - 2 potions of might {unknown}
 g - 2 potions of curing {unknown}
 i - a potion of lignification {unknown}
 j - 3 potions of heal wounds {unknown}
 o - 2 potions of mutation {unknown}
 r - a potion of degeneration {unknown}
 t - a potion of attraction {unknown}
 w - a potion of brilliance {unknown}


   Skills:
 - Level 1.5 Dodging
 - Level 3.0 Stealth
 + Level 8.3 Spellcasting
 - Level 1.0 Conjurations
 - Level 3.0 Fire Magic


You had 17 spell levels left.
You knew the following spells:

 Your Spells              Type           Power      Damage    Failure   Level
a - Foxfire               Conj/Fire      100%       2x1d9     4%          1
b - Scorch                Fire           76%        2d8       4%          2
c - Inner Flame           Hex/Fire       27%        N/A       17%         3

Your spell library contained the following spells:

 Spells                   Type           Power      Damage    Failure   Level
 Conjure Flame            Conj/Fire      31%        6-21      14%         3
 Dazzling Flash           Conj/Hex       16%        N/A       26%         3
 Flame Wave               Conj/Fire      31%        2d9       41%         4
 Agony                    Necr           7%         N/A       96%         5
 Silence                  Hex/Air        3%         N/A       96%         5


Dungeon Overview and Level Annotations

Branches:
Dungeon (5/15)
 Temple: D:4-7

Altars:
Qazlal
Sif Muna
Uskayaw
Yredelemnul


Innate Abilities, Weirdness & Mutations

Your serpentine skin is tough. (AC +2)
You have supernaturally acute eyesight. (SInv)
Armour fits poorly on your strangely shaped body.
Your system is resistant to poisons. (rPois)
You cover ground very slowly.
You can spit poison.
You have a snake-like lower body.


Message History

Unknown command.
Unknown command.
Casting: Scorch (safe; 4% risk of failure)
Confirm with . or Enter, or press ? or * to list all spells.
You feel a strong surge of power!
You miscast Foxfire.
You are very lightly contaminated with residual magic.
Nothing appears to happen.
Your attacks no longer feel as feeble.
The gnoll hits you from afar with a +0 spear.
The gnoll hits you with a +0 flail!
Unknown command.
Casting: Foxfire (safe; 4% risk of failure)
Confirm with . or Enter, or press ? or * to list all spells.
You feel a strong surge of power!
Flames lash the gnoll.
The gnoll is severely wounded.
The gnoll's fire resistance burns away.
The gnoll hits you from afar with a +0 spear.
The gnoll barely misses you.
The gnoll hits you from afar with a +0 spear.
The gnoll hits you with a +0 flail.
* * * LOW HITPOINT WARNING * * *
Casting: Scorch (safe; 4% risk of failure)
Confirm with . or Enter, or press ? or * to list all spells.
You feel a strong surge of power!
Flames lash the gnoll.
The gnoll is burned terribly!
You kill the gnoll!
The gnoll closely misses you.
The gnoll is no longer moving quickly.
The gnoll hits you from afar with a +0 spear!
* * * LOW HITPOINT WARNING * * *
Unknown command.
Casting: Scorch (safe; 4% risk of failure)
Confirm with . or Enter, or press ? or * to list all spells.
You feel a strong surge of power!
Flames lash the gnoll.
The gnoll is heavily wounded.
The gnoll's fire resistance burns away.
The gnoll hits you from afar with a +0 spear.
* * * LOW HITPOINT WARNING * * *
The gnoll hits you from afar with a +0 spear.
You die...

.............# #.#
........####.# #.#
.####..#####.#####
#.# .#
#............# #.#
.####.####.#####.#
#.# ...##.# #.#
#.###.# ......# ##.#
#.....# ...######..#
#)#####
...........#####@).#
...######.......)#g#
...# ##.##.####.#
...# #.#..# #g# ####
#....# #.# ## ###).#
#g# .## #..# #.#
..### #..# #g# ....#
#####..# #.#


You could see a gnoll (combustible).

Vanquished Creatures
  An ice beast (D:4)
  An ogre (D:5)
  A phantom (D:5)
  3 scorpions (D:4)
  A jelly (D:5)
  2 gnoll boudas (D:5)
  3 hounds (D:5)
  A mummy (D:4)
  5 adders
  10 gnolls (D:5)
  A shadow imp (D:5)
  A worm (D:4)
  3 dart slugs
  2 orcs (D:5)
  3 ball pythons
  7 bats
  6 endoplasms
  4 giant cockroaches
  5 goblins
  9 hobgoblins
  6 jackals
  6 kobolds
  2 quokkas (D:3)
  2 frilled lizards
  A goblin zombie (D:4)
  An orc zombie (D:4)
  4 rats
91 creatures vanquished.

Vanquished Creatures (others)
  325 foxfires
325 creatures vanquished.

Grand Total: 416 creatures vanquished

Notes
Turn   | Place    | Note
-------+----------+-------------------------------------------
     0 | D:1      | 112233 the Naga Fire Elementalist began the quest for the
                  | Orb.
     0 | D:1      | Reached XP level 1. HP: 15/15 MP: 3/3
    59 | D:1      | Found a faded altar of an unknown god.
   314 | D:1      | Reached XP level 2. HP: 22/22 MP: 0/5
   488 | D:1      | Learned a level 2 spell: Scorch
   975 | D:1      | Reached skill level 3 in Spellcasting
  1288 | D:1      | Reached XP level 3. HP: 25/28 MP: 2/7
  2713 | D:3      | Reached XP level 4. HP: 36/36 MP: 6/9
  2758 | D:3      | Reached skill level 4 in Spellcasting
  3489 | D:4      | Noticed an ice beast
  3498 | D:4      | Killed an ice beast
  3499 | D:4      | Reached skill level 5 in Spellcasting
  3499 | D:4      | Reached XP level 5. HP: 42/42 MP: 4/12
  3607 | D:4      | Reached XP level 6. HP: 41/49 MP: 4/14
  3722 | D:4      | Reached skill level 6 in Spellcasting
  3768 | D:4      | Learned a level 3 spell: Inner Flame
  3944 | D:4      | Found a hide-covered altar of Uskayaw.
  3945 | D:4      | Found a shimmering blue altar of Sif Muna.
  3949 | D:4      | Found a basalt altar of Yredelemnul.
  4353 | D:5      | Entered Level 5 of the Dungeon
  4533 | D:5      | Reached XP level 7. HP: 53/55 MP: 11/17
  4725 | D:5      | Reached skill level 7 in Spellcasting
  4739 | D:5      | Found a stormy altar of Qazlal.
  5474 | D:5      | Reached skill level 8 in Spellcasting
  5910 | D:5      | Reached XP level 8. HP: 41/62 MP: 11/20
  5915 | D:5      | HP: 1/62 [gnoll/+0 spear[a gnoll bouda] (5)]
  5916 | D:5      | Slain by a gnoll

Illustrated notes

Levels and vault maps discovered:
D:1:      lemuel_arrival_behind_the_door_large, layout_basic,
          chequers_ecumenical_altar_lobes
D:2:      layout_loops_ring
D:3:      layout_loops_cross, nicolae_elevator_lobby_plus
D:4:      layout_cave_pools, minitemple, serial_glass, glass_columns_b,
          glass_columns_a, glass_columns_a, glass_columns_a,
          nicolae_ossuary_entry_giza
D:5:      layout_loops_ring, kennysheep_cross_bottleneck,
          kennysheep_small_circle

Skill      XL: |  1  2  3  4  5  6  7 |
---------------+----------------------+-----
Spellcasting   | 3 5 6 8 |  8.3
Dodging        | |  1.5
Stealth        | |  3.0
Conjurations   | |  1.0
Fire Magic     | |  3.0

Action                   |  1- 3 |  4- 6 |  7- 9 || total
-------------------------+-------+-------+-------++-------
Melee: Unarmed           |     1 |       |       ||     1
 Cast: Foxfire           |   100 |    58 |    43 ||   201
       Scorch            |     6 |    16 |    18 ||    40
 Abil: Spit Poison       |     2 |       |       ||     2
Armor: Robe              |     2 |     2 |     1 ||     5
Dodge: Dodged            |    11 |    11 |    12 ||    34
